 Dungeon Crawl Stone Soup version 0.21.1-1-g345015fe64 (webtiles) character file.

238 Oravi the Changer (level 6, -4/43 HPs)
             Began as a Merfolk Transmuter on Apr 27, 2018.
             Killed by nerve-wracking pain
             ... invoked by Grinder
              (10 damage)
             ... on level 3 of the Dungeon.
             The game lasted 00:10:05 (3336 turns).

Oravi the Changer (Merfolk Transmuter)              Turns: 3336, Time: 00:10:06

Health: -4/43      AC:  2    Str: 10    XL:     6   Next: 7%
Magic:  4/9        EV: 23    Int: 20    God:
Gold:   136        SH:  0    Dex: 19    Spells: 3/9 levels left

rFire    . . .     SeeInvis .     - Unarmed
rCold    . . .     Gourm    .   (shield currently unavailable)
rNeg     . . .     Faith    .   (armour currently unavailable)
rPois    x         Spirit   .   (helmet currently unavailable)
rElec    .         Reflect  .   (cloak currently unavailable)
rCorr    .         Harm     .   (gloves currently unavailable)
MR       .....                  (boots currently unavailable)
Stlth    ++........             (no amulet)
HPRegen  0.14/turn              (no ring)
MPRegen  0.11/turn              (no ring)

@: brilliant, spider-form, very slightly contaminated
A: tiny, (change form in water), (swift swim), (stealthy swim)
a: End Transformation


You were on level 3 of the Dungeon.
You were not hungry.
You were a venomous arachnid creature.
You visited 1 branch of the dungeon, and saw 3 of its levels.

You collected 136 gold pieces.

Inventory:

Missiles
 a - 28 arrows
Armour
 b - a +0 robe (melded)
Scrolls
 e - a scroll of magic mapping {unknown}
 f - a scroll of teleportation
Potions
 j - a potion of heal wounds {unknown}
 k - a potion of flight {unknown}
Books
 c - a book of Changes

   Spells                             Type                      Level
   a - Beastly Appendage              Transmutation                1
   b - Sticks to Snakes               Transmutation                2
   c - Spider Form                    Transmutation/Poison         3
   d - Ice Form                       Ice/Transmutation            4
   e - Blade Hands                    Transmutation                5
Comestibles
 d - 9 rations


   Skills:
 + Level 1.1 Fighting
 + Level 4.2 Dodging
 + Level 5.0 Unarmed Combat
 - Level 2.0 Spellcasting
 * Level 5.1 Transmutations
 * Level 1.8 Poison Magic


You had 3 spell levels left.
You knew the following spells:

 Your Spells              Type           Power        Failure   Level  Hunger
a - Beastly Appendage     Tmut           ####..       1%          1    #......
b - Sticks to Snakes      Tmut           ####....     1%          2    ##.....
c - Spider Form           Tmut/Pois      ####......   3%          3    ###....


Dungeon Overview and Level Annotations

Branches:
Dungeon (3/15)

Altars:
Ashenzari

Annotations:
D:3 Grinder


Message History

Grinder is moderately wounded.
Grinder barely misses you.
You barely miss Grinder.
Grinder is moderately wounded.
Grinder gestures at you. Pain shoots through your body!
You are too injured to fight recklessly!
You are too injured to fight recklessly!
You barely miss Grinder.
Grinder is moderately wounded.
Grinder hits you.
* * * LOW HITPOINT WARNING * * *
You writhe in agony.
* * * LOW HITPOINT WARNING * * *
It was a potion of brilliance.
You feel clever all of a sudden. Grinder barely misses you.
Grinder gestures at you. Pain shoots through your body!
You die...

#.........#._.#..........
#......[###...###....#..#
#.....###.#####.###..##.#
#...###....#.#....###....
####......##.##......##.#
#......#...#......##..
#.....##...##.........
###.....#.[...#.........
#......s#.....#.........
#........5...###########
#.........?..# #
#.............# #
#......#......# #
#......#......# #
#......#......##########
########......##........
#......##........


You could see Grinder.

Vanquished Creatures
  Natasha (thrice) (D:2)
  Terence (D:2)
  Robin (D:3)
  4 adders (D:2)
  2 worms (D:2)
  A dart slug (D:2)
  2 leopard geckos
  5 orcs (D:3)
  4 giant cockroaches
  15 goblins
  14 hobgoblins
  6 jackals
  2 kobolds
  A quokka (D:2)
  11 bats
  A frilled lizard (D:3)
  5 rats (D:1)
78 creatures vanquished.

Notes
Turn   | Place    | Note
-------+----------+-------------------------------------------
     0 | D:1      | Oravi the Merfolk Transmuter began the quest for the Orb.
     0 | D:1      | Reached XP level 1. HP: 15/15 MP: 3/3
   102 | D:1      | Reached XP level 2. HP: 16/21 MP: 3/5
   410 | D:1      | Reached XP level 3. HP: 12/26 MP: 4/6
   741 | D:1      | Learned a level 2 spell: Sticks to Snakes
   745 | D:1      | Learned a level 3 spell: Spider Form
   917 | D:2      | Reached XP level 4. HP: 17/32 MP: 7/7
   943 | D:2      | HP: 1/32 [poisoned by an adder]
  1409 | D:2      | Noticed Terence
  1420 | D:2      | Killed Terence
  1891 | D:2      | Noticed Natasha
  1896 | D:2      | Killed Natasha
  1896 | D:2      | Reached skill level 1 in Poison Magic
  1896 | D:2      | Reached XP level 5. HP: 37/37 MP: 4/8
  1974 | D:2      | Noticed Natasha
  1982 | D:2      | Killed Natasha
  1991 | D:2      | Noticed Natasha
  1997 | D:2      | Killed Natasha
  2248 | D:3      | Found a shattered altar of Ashenzari.
  2314 | D:3      | Noticed Grinder
  2321 | D:3      | Paralysed by Grinder for 4 turns
  2378 | D:3      | Noticed Robin
  2854 | D:3      | Reached skill level 5 in Transmutations
  2866 | D:3      | Reached skill level 5 in Unarmed Combat
  2877 | D:3      | Killed Robin
  2877 | D:3      | Reached XP level 6. HP: 23/43 MP: 4/9
  3336 | D:3      | Killed from afar by Grinder

Skill      XL: |  1  2  3  4  5 |
---------------+----------------+-----
Dodging        | 3 4 |  4.2
Transmutations | 3 4 5 |  5.1
Unarmed Combat | 4 5 |  5.0
Poison Magic   | 1 |  1.8
Fighting       | |  1.1
Spellcasting   | |  2.0

Action                   |  1- 3 |  4- 6 || total
-------------------------+-------+-------++-------
Melee: Unarmed           |   106 |   128 ||   234
       Headbutt          |     5 |       ||     5
       Punch             |       |     1 ||     1
 Cast: Beastly Appendage |    11 |       ||    11
       Spider Form       |     3 |    27 ||    30
  Use: Scroll            |     3 |       ||     3
       Potion            |     1 |     2 ||     3
 Stab: Sleeping          |     1 |     2 ||     3
  Eat: Chunk             |     1 |    11 ||    12
Armor: Robe              |    20 |       ||    20
       Skin              |     4 |     6 ||    10
Dodge: Dodged            |   105 |   123 ||   228
